 Dungeon Crawl Stone Soup version 0.30-a0-1114-gd936c97349 (webtiles) character file.

Game seed: 15780800374825571832

289 Anamonty the Insei (level 6, -2/42 HPs)
             Began as an Octopode Transmuter on Apr 21, 2023.
             Slain by a centaur (6 damage)
             ... on level 4 of the Dungeon.
             The game lasted 00:04:32 (3833 turns).

Anamonty the Insei (Octopode Transmuter)            Turns: 3833, Time: 00:04:32

Health: -2/42      AC:  1    Str: 11    XL:     6   Next: 31%
Magic:  7/10       EV: 13    Int: 15    God:
Gold:   1054       SH:  0    Dex: 13    Spells: 0/10 levels left

rFire   . . .      SeeInvis .    j - +1 spear (heavy)
rCold   . . .      Faith    .    (no shield)
rNeg    . . .      Spirit   .    (helmet restricted)
rPois   .          Reflect  .    i - amulet of the acrobat
rElec   .          Rampage  .    c - ring of wizardry
rCorr   .                        (no ring)
Will    .....                    (no ring)
Stlth   ++                       (no ring)
HPRegen 0.27/turn                (no ring)
MPRegen 0.12/turn                (no ring)
                                 (no ring)
                                 (no ring)

@: no status effects
A: almost no armour, amphibious, 8 rings, camouflage 1, gelatinous body 1,
(nimble swimmer 1), tentacles
a: no special abilities


You were on level 4 of the Dungeon.
You visited 1 branch of the dungeon, and saw 4 of its levels.

You collected 1204 gold pieces.
You spent 150 gold pieces at shops.

Inventory:

Hand Weapons
 j - a +1 heavy spear (weapon)
Magical Staves
 h - a staff of fire
Jewellery
 c - a ring of wizardry (left tentacle)
 i - an amulet of the acrobat (around mantle)
Scrolls
 b - 2 scrolls of identify
 g - a scroll of poison
 k - 2 scrolls of teleportation
 n - a scroll of magic mapping
 o - a scroll of blinking
 p - a scroll of summoning {unknown}
 q - a scroll of fog {unknown}
Potions
 a - 5 potions of lignification
 d - a potion of flight
 e - a potion of berserk rage
 f - a potion of heal wounds
 l - a potion of ambrosia
 m - a potion of curing


   Skills:
 * Level 3.3 Fighting
 + Level 3.0 Dodging
 + Level 3.8 Unarmed Combat
 + Level 2.8 Spellcasting
 + Level 3.6 Transmutations


You couldn't memorise any spells.
You knew the following spells:

 Your Spells              Type           Power      Damage    Failure   Level
a - Beastly Appendage     Tmut           26%        N/A       1%          1
b - Wereblood             Tmut           13%        N/A       2%          2
c - Spider Form           Tmut/Pois      7%         N/A       12%         3
d - Ice Form              Ice/Tmut       7%         N/A       34%         4

Your spell library contained the following spells:

 Spells                   Type           Power      Damage    Failure   Level


Dungeon Overview and Level Annotations

Branches:
Dungeon (4/15)
 Temple: D:4-7

Altars:
Wu Jian
Xom

Shops:
D:3 (?

Annotations:
D:4 4 runed translucent doors


Innate Abilities, Weirdness & Mutations

You cannot wear most types of armour.
You are amphibious.
You can wear up to eight rings at the same time.
Your skin changes colour to match your surroundings (Stealth+).
Your rubbery body absorbs attacks. (AC +1, EV +1)
((You are camouflaged when in or above water. (Stealth+)))
You have tentacles for arms and can constrict up to eight enemies at once.


Message History

You miscast Ice Form.
You are very lightly contaminated with residual magic.
Nothing appears to happen.
Unknown command.
You reach to attack!
The helpless centaur fails to defend itself.
You puncture the centaur!
The centaur is heavily wounded.
The centaur closely misses you. The centaur kicks you.
The centaur closely misses you. The centaur kicks you.
Unknown command.
You barely miss the centaur.
The centaur is heavily wounded.
The centaur closely misses you. The centaur kicks you.
The centaur barely misses you. The centaur kicks you.
You puncture the centaur!
The centaur is almost dead.
The centaur misses you. The centaur kicks you. The centaur barely misses you.
The centaur kicks you. The centaur hits you. The centaur kicks you.
You hit the centaur but do no damage.
The centaur is almost dead.
The centaur completely misses you. The centaur kicks you. The centaur hits you.
The centaur barely misses you.
You are too injured to fight recklessly!
The centaur completely misses you. The centaur kicks you.
The centaur completely misses you. x2
The centaur misses you. The centaur kicks you.
You barely miss the centaur.
You squeeze the centaur, but do no damage.
The centaur is almost dead.
The centaur hits you. The centaur barely misses you. The centaur hits you.
* * * LOW HITPOINT WARNING * * *
The centaur completely misses you. The centaur hits you.
* * * LOW HITPOINT WARNING * * *
The centaur kicks you but does no damage.
Your magical contamination has completely faded away.
You barely miss the centaur. Your squeeze misses the centaur.
The centaur is almost dead.
The centaur hits you.
You die...

####..#####..........#
..........#..........#
##.####.............#########
#..####...#.................##
......<...#....[.....######..#
..#####...#................#.#
### #.....######..######...#
#....##....####..†.##..#
##.#.#.###@$##.##†#.#..#
#.#.#.#.##c####).#.#..#
#.#.#.##.#.##..###.#..#
#...#.#.##)##[##.#.#.##
#...##.†.######.#.##.#
##...###'# #'###..#
#.......######.....##
##.....##8}$8##.####
###.#.#8....8#.#


You could see a centaur.

Vanquished Creatures
  A wight (D:4)
  3 orc priests
  An orc wizard (D:4)
  3 gnolls (D:3)
  An adder (D:2)
  A shadow imp (D:3)
  A worm (D:4)
  8 orcs
  5 ball pythons
  An endoplasm (D:1)
  4 giant cockroaches
  2 goblins (D:2)
  4 hobgoblins
  7 quokkas
  6 bats
  7 frilled lizards
  13 kobolds
  6 rats
74 creatures vanquished.

Vanquished Creatures (others)
  10 plants
10 creatures vanquished.

Grand Total: 84 creatures vanquished

Notes
Turn   | Place    | Note
-------+----------+-------------------------------------------
     0 | D:1      | Anamonty the Octopode Transmuter began the quest for the
                  | Orb.
     0 | D:1      | Reached XP level 1. HP: 13/13 MP: 3/3
   207 | D:1      | Reached XP level 2. HP: 15/18 MP: 3/5
   215 | D:1      | Learned a level 2 spell: Wereblood
   613 | D:1      | Reached XP level 3. HP: 24/24 MP: 4/6
  1085 | D:2      | Found a shimmering altar of Xom.
  2126 | D:3      | Reached XP level 4. HP: 29/29 MP: 5/7
  2134 | D:2      | Learned a level 3 spell: Spider Form
  2464 | D:3      | Reached XP level 5. HP: 17/35 MP: 6/8
  2583 | D:3      | Found an ornate altar of the Wu Jian Council.
  2806 | D:3      | Found Igywif's Magic Scroll Boutique.
  2815 | D:3      | Bought a scroll of teleportation for 36 gold pieces
  2815 | D:3      | Bought a scroll of magic mapping for 90 gold pieces
  2815 | D:3      | Bought a scroll of identify for 24 gold pieces
  2815 | D:3      | Identified 2 scrolls of acquirement
  2819 | D:3      | Acquired 904 gold pieces
  2821 | D:3      | Acquired a ring of wizardry
  2836 | D:3      | Found Geshenn's Weapon Emporium.
  3086 | D:4      | HP: 1/35 [orc priest/divine providence (10)]
  3301 | D:4      | Reached XP level 6. HP: 42/42 MP: 6/10
  3369 | D:4      | Found a large runed translucent door.
  3369 | D:4      | Found a large runed translucent door.
  3369 | D:4      | Found the +7 sceptre of Torment {pain, torment}
  3530 | D:4      | Learned a level 4 spell: Ice Form
  3550 | D:4      | Found a large runed translucent door.
  3550 | D:4      | Found a large runed translucent door.
  3824 | D:4      | Found the +7 captain's cutlass {speed, disarm}
  3833 | D:4      | Slain by a centaur

Illustrated notes

Levels and vault maps discovered:
D:1:      onia_arrival_mini_spirals, layout_loops_ring,
          chequers_serial_rivers_large_b, lexackson_kobold_supper
D:2:      layout_loops_corners, serial_forest, infiniplex_forest_clump_long,
          infiniplex_forest_straight_3, infiniplex_forest_lined_room_3,
          infiniplex_forest_lined_3_way, infiniplex_forest_straight_2,
          infiniplex_forest_clump_small, infiniplex_forest_lined_room_3,
          basic_altar
D:3:      layout_basic, mainiacjoe_overflow_boulevard, serial_shops,
          nicolae_shop_advertising_works [nicolae_subvault_shop_adworks], shop
D:4:      cheibrodos_pilgrimage, layout_rooms, minmay_hollow_rounded_squares

Skill      XL: |  1  2  3  4  5  6 |
---------------+-------------------+-----
Fighting       | 2 3 |  3.3
Transmutations | 3 |  3.6
Dodging        | 3 |  3.0
Unarmed Combat | |  3.8
Spellcasting   | |  2.8

Action                     |  1- 3 |  4- 6 || total
---------------------------+-------+-------++-------
  Melee: Unarmed           |    79 |     2 ||    81
         Constrict         |    21 |    14 ||    35
         Kick              |    18 |     8 ||    26
         Tentacles         |    17 |    11 ||    28
         Spear             |       |    67 ||    67
         Punch             |       |     3 ||     3
   Cast: Beastly Appendage |    19 |     5 ||    24
         Wereblood         |     1 |     3 ||     4
         Spider Form       |       |     2 ||     2
    Use: Scroll            |       |    10 ||    10
   Stab: Sleeping          |     6 |     7 ||    13
 Armour: Skin              |     5 |     5 ||    10
  Dodge: Dodged            |    42 |    62 ||   104

Table legend: (Time is in decaauts)
 A = Elapsed time spent in this place.
 B = Non-inter-level travel time spent in this place.
 C = Inter-level travel time spent in this place.
 D = Time resting spent in this place.
 E = Time spent auto-exploring this place.
 F = Levels seen in this place.
 G = Mean time per level.
                   A        B        C        D        E       F      G
               +--------+--------+--------+--------+--------+-----+--------+
         Total |   3870 |   3684 |    186 |      0 |   3100 |   4 |  967.5 |
       Dungeon |   3870 |   3684 |    186 |      0 |   3100 |   4 |  967.5 |
               +--------+--------+--------+--------+--------+-----+--------+

Top non-repeatable levels by time:
     D:2: 1136 daAuts
     D:1: 1059 daAuts
     D:4: 886 daAuts
     D:3: 787 daAuts
